 Dungeon Crawl Stone Soup version 0.17.1-3-g152610e (webtiles) character file.

65 OreoMilkShake the Vandal (level 3, -2/18 HPs)
             Began as a Spriggan Hunter on Apr 20, 2016.
             Slain by a goblin
             ... wielding a +0 club
             ... led by Robin
              (9 damage)
             ... on level 3 of the Dungeon.
             The game lasted 00:04:32 (1953 turns).

OreoMilkShake the Vandal (Spriggan Hunter)          Turns: 1953, Time: 00:04:32

Health: -2/18      AC:  2    Str:  8    XL:     3   Next: 92%
Magic:  4/4        EV: 19    Int: 12    God:
Gold:   97         SH:  0    Dex: 17    Spells: 0 memorised, 2 levels left

rFire  . . .     SeeInvis +     p - +1 short sword (freeze)
rCold  + . .     Clarity  .     c - +0 robe
rNeg   + . .     SustAt   .     (shield restricted)
rPois  .         Gourm    .     (helmet restricted)
rElec  .         Spirit   .     (no cloak)
rCorr  .         Warding  +     (gloves unavailable)
rMut   .         Stasis   .     (boots unavailable)
MR     .....                    n - amulet of warding {Ward, rN+, !d}
Stlth  +++.......               (no ring)
                                l - ring of protection from cold {rC+, !d}

@: very quick, not resistant to hostile enchantments, fairly stealthy
A: unfitting armour, see invisible, herbivore 3, speed 3, slow metabolism 2
a: no special abilities


You were on level 3 of the Dungeon.
You were not hungry.

You visited 1 branch of the dungeon, and saw 3 of its levels.

You collected 97 gold pieces.

Inventory:

Hand Weapons
 a - a +1 hunting sling
 p - a +1 short sword of freezing (weapon)
   (You took it off a kobold on level 2 of the Dungeon)
Missiles
 d - 20 sling bullets
 f - 26 stones (quivered)
Armour
 c - a +0 robe (worn)
Jewellery
 j - an uncursed amulet of stasis {Stasis, !d}
   (You found it on level 1 of the Dungeon)
 l - a ring of protection from cold (left hand) {rC+, !d}
   (You found it on level 1 of the Dungeon)
 n - an amulet of warding (around neck) {Ward, rN+, !d}
   (You found it on level 2 of the Dungeon)
Scrolls
 g - 6 scrolls of identify {unknown}
 i - 2 scrolls of remove curse {unknown}
 k - 2 scrolls of teleportation {unknown}
 m - a scroll of magic mapping {unknown}
Comestibles
 b - a slice of pizza
 e - 2 bread rations {@e1}
 o - a royal jelly


   Skills:
 + Level 2.0 Fighting
 * Level 5.7 Slings
 + Level 3.9 Dodging
 + Level 2.9 Stealth


You had 2 spell levels left.
You didn't know any spells.

Dungeon Overview and Level Annotations

Branches:
Dungeon (3/15)

Altars:

Annotations:
D:2 Robin


Innate Abilities, Weirdness & Mutations

You are tiny and cannot use many weapons and most armour.
You have supernaturally acute eyesight.
You are a herbivore.
You cover ground extremely quickly.
You need consume almost no food.


Message History

You kill the rat!
Things that are here:
an adder corpse; a bat corpse You start resting.
There is an open door here.
You now have 97 gold pieces (gained 10).
You enter a teleport trap!
The teleport trap disappears.
Your surroundings suddenly seem different.
A kobold comes into view. It is wielding a whip.
A kobold is nearby!
Health restored: 18 A kobold is nearby!
A kobold is nearby!
You hit the kobold. The kobold hits you with a whip.
You take 2 damage, and have 16/18 hp.
You hit the kobold but do no damage. You hit the kobold but do no damage.
The kobold hits you but does no damage.
You hit the kobold.
You kill the kobold!
No target in view!
No target in view!
f - 26 stones (gained 4)
Things that are here:
a whip; a kobold corpse A giant gecko comes into view.
A giant gecko is nearby!
A giant gecko is nearby!
A kobold comes into view.
It is wielding a short sword of freezing.
The kobold shouts!
You closely miss the kobold. The kobold misses you.
You hit the giant gecko. The giant gecko barely misses you.
The kobold barely misses you.
You hit the giant gecko.
You kill the giant gecko!
The kobold hits you with a short sword of freezing.
The kobold freezes you.
You take 4 damage, and have 13/18 hp.
MASSIVE DAMAGE!!
You hit the kobold but do no damage. You barely miss the kobold.
The kobold completely misses you.
You hit the kobold.
The kobold hits you with a short sword of freezing.
You take 2 damage, and have 11/18 hp.
You hit the kobold but do no damage. You hit the kobold.
You kill the kobold!
You see here a short sword of freezing.
p - a short sword of freezing Wield which item (- for none, * to show all)? (? for menu, Esc to quit)
It glows with a cold blue light!
p - a +1 short sword of freezing (weapon)
Drop what? 16/52 slots (_ for help) (? for menu, Esc to quit)
You drop a +0 short sword of speed.
You start resting.
You open the door.
There is an open door here.
A goblin comes into view. It is wielding a club.
A goblin is nearby!
A goblin is nearby!
Health restored: 18 A goblin is nearby!
A goblin is nearby! 4 goblins and a hobgoblin come into view.
Found a stone staircase leading down and a stone staircase leading up. 2 goblins come into view.
The goblin shouts!
The goblin shouts!
The hobgoblin shouts!
The goblin shouts!
The goblin shouts!
You hear a shout!
The goblin shouts!
You hear a shout!
You hear a shout!
You hear a shout!
The goblin barely misses you.
There is a stone staircase leading down here.
You barely miss the goblin.
The goblin hits you with an enchanted dagger.
A goblin comes into view. It is wielding a club.
You take 4 damage, and have 14/18 hp.
MASSIVE DAMAGE!!
You hit the goblin. You freeze the goblin.
You kill the goblin!
The goblin hits you with an enchanted dagger.
You take 1 damage, and have 13/18 hp.
You closely miss the goblin. The goblin hits you but does no damage.
The goblin misses you.
A kobold and Robin come into view.
The kobold shouts!
You hit the goblin. You freeze the goblin.
You kill the goblin!
Robin says, "My goblins will feast on your bones."
Robin roars a battlecry!
The goblins go into a battle-frenzy!
The goblin misses you. The goblin closely misses you. The goblin misses you.
The goblin hits you but does no damage.
You climb downwards.
There is a stone staircase leading up here.
You closely miss the goblin. The goblin hits you with a club.
The goblin hits you with an enchanted dagger.
The goblin hits you with a club!
Ouch! That really hurt!
You die...

#### #..
#g# #@#
#gg...#
......#
.........#
#####.#####
.# .# .#


You could see 3 goblins.

Vanquished Creatures
  2 adders (D:2)
  3 giant geckos
  A ball python (D:2)
  4 bats
  A giant cockroach (D:1)
  10 goblins
  3 hobgoblins
  9 kobolds
  A quokka (D:2)
  3 giant newts
  8 rats
45 creatures vanquished.

Notes
Turn   | Place    | Note
--------------------------------------------------------------
     0 | D:1      | OreoMilkShake the Spriggan Hunter began the quest for the Orb.
     0 | D:1      | Reached XP level 1. HP: 10/10 MP: 2/2
    72 | D:1      | Reached skill level 5 in Slings
    81 | D:1      | HP: 2/10 [giant gecko (5)]
   353 | D:1      | Reached XP level 2. HP: 14/14 MP: 3/3
   679 | D:1      | Reached skill level 2 in Stealth
  1343 | D:2      | Reached XP level 3. HP: 14/18 MP: 4/4
  1668 | D:2      | Reached skill level 2 in Fighting
  1950 | D:2      | Noticed Robin
  1953 | D:3      | Slain by a goblin

Action                   || total
-------------------------++-------
Melee: Short sword       ||   126
 Fire: Hunting sling     ||     4
 Stab: Sleeping          ||     8
       Distracted        ||     1

Vault maps used:
D:1:      minmay_arrival_arboretum_small, hex_tiny, minmay_misc_feat_tiny
D:2:      uniq_robin
D:3:      yredelemnul_forgotten_temple_becter, first_bread, serial_bayou_pond_b

Table legend:
 A = Turns spent in this place as a percentage of turns spent in the entire game.
 B = Non-inter-level travel turns spent in this place as a percentage of non-inter-level travel turns spent in the entire game.
 C = Inter-level travel turns spent in this place as a percentage of turns spent in this place.
 D = Turns resting spent in this place as a percentage of non-inter-level travel turns spent in this place.
 E = Turns spent auto-exploring this place as a percentage of non-inter-level travel turns spent in this place.
 F = Non-inter-level travel turns spent in this place divided by the number of levels of this place that you've seen.
                   A       B       C       D       E      F
               +-------+-------+-------+-------+-------+----------------------
         Total | 100.0 | 100.0 |   0.2 |   2.5 |  10.0 | 159.7
       Dungeon | 100.0 | 100.0 |   0.2 |   2.5 |  10.0 | 159.7
               +-------+-------+-------+-------+-------+----------------------

Table legend:
 A = Kills in this place as a percentage of kills in entire the game.
 B = Kills by you in this place as a percentage of kills by you in the entire game.
 C = Kills by friends in this place as a percentage of kills by friends in the entire game.
 D = Other kills in this place as a percentage of other kills in the entire game.
 E = Experience gained in this place as a percentage of experience gained in the entire game.
 F = Experience gained in this place divided by the number of levels of this place that you have seen.
                   A       B       C       D       E      F
               +-------+-------+-------+-------+-------+----------------------
         Total | 100.0 | 100.0 |  -nan |  -nan | 100.0 |  31.0
       Dungeon | 100.0 | 100.0 |  -nan |  -nan | 100.0 |  31.0
               +-------+-------+-------+-------+-------+----------------------
